 Dungeon Sprint DCSS version 0.22.1-2-g9c5b331383 (webtiles) character file.

265 Nattfarinn the Covert (level 5, -9/49 HPs)
             Began as a Vampire Assassin on Nov 28, 2018.
             Mangled by a slime creature (15 damage)
             ... in the Dungeon (Sprint I: "Red Sonja").
             The game lasted 00:01:04 (2217 turns).

Nattfarinn the Covert (Vampire Assassin)            Turns: 2217, Time: 00:01:05

Health: -9/49      AC:  3    Str: 10    XL:     5   Next: 99%
Magic:  5/5        EV: 12    Int: 13    God:
Gold:   108        SH:  0    Dex: 17    Spells: 4/4 levels left

rFire    . . .     SeeInvis +   a - +2 dagger
rCold    + + .     Gourm    .   (no shield)
rNeg     + + +     Faith    .   c - +0 robe
rPois    ∞         Spirit   .   (no helmet)
rElec    .         Reflect  .   d - +0 cloak
rCorr    .         Harm     .   (no gloves)
MR       .....     NoTele   +   (no boots)
Stlth    ++++++++..             (no amulet)
HPRegen  0.00/turn              (no ring)
MPRegen  0.09/turn              (no ring)

@: bloodless, non-regenerating
A: fangs 3, see invisible, unbreathing
a: Bat Form


You were in the Dungeon.
You were bloodless.

You visited 1 branch You collected 108 gold pieces.

Inventory:

Hand Weapons
 a - a +2 dagger (weapon)
 b - a +0 blowgun
Missiles
 e - 8 poisoned needles
 f - 2 curare-tipped needles
Armour
 c - a +0 robe (worn)
 d - a +0 cloak (worn)
 g - a +1 leather armour of cold resistance
Scrolls
 m - a scroll of blinking
Potions
 h - a potion of curing
 i - a potion of heal wounds
 j - a potion of haste
 k - 2 potions of magic
 l - a potion of berserk rage
 q - a potion of blood


   Skills:
 * Level 8.2 Fighting
 - Level 2.1 Short Blades
 - Level 1.5 Throwing
 - Level 1.1 Dodging
 + Level 14.1 Stealth


You had 4 spell levels left.
You didn't know any spells.
Your spell library was empty.

Dungeon Overview and Level Annotations

Branches:
Dungeon (1/1)

Altars:
Makhleb
Xom
Jiyva
Lugonu


Innate Abilities, Weirdness & Mutations

You do not heal naturally.
You are immune to poison.
You have razor-sharp teeth.
You have supernaturally acute eyesight. (SInv)
You can survive without breathing.


Message History

You hit the slime creature.
The slime creature is lightly wounded.
The slime creature hits you but does no damage.
You barely miss the slime creature.
The slime creature is lightly wounded.
The slime creature closely misses you.
You hit the slime creature.
The slime creature is lightly wounded.
The slime creature misses you.
You hit the slime creature.
The slime creature is lightly wounded.
The slime creature misses you.
You hit the slime creature. You bite the slime creature.
The slime creature is moderately wounded.
The slime creature hits you!!
* * * LOW HITPOINT WARNING * * *
You hit the slime creature.
The slime creature is moderately wounded.
The slime creature hits you!
You die...

###################
#<.#.)'..#.)'..#__#
#..'..#.)'..#..@J.+
#..#####+#####+#__#
#..# ### #..# #..#
#⌠⌠# ####


You could see a slime creature.

Vanquished Creatures
  Sigmund (D)
  An ogre (D)
  Ijyb (D)
3 creatures vanquished.

Vanquished Creatures (others)
  A merfolk siren (D)
  A gargoyle (D)
  3 hornets (D)
5 creatures vanquished.

Grand Total: 8 creatures vanquished

Notes
Turn   | Place    | Note
-------+----------+-------------------------------------------
     0 | D        | Nattfarinn the Vampire Assassin began the quest for the
                  | Orb.
     0 | D        | Reached XP level 1. HP: 16/16 MP: 1/1
   375 | D        | Killed a hornet
   798 | D        | Killed a hornet
  1673 | D        | Killed a gargoyle
  1988 | D        | Killed a hornet
  2164 | D        | Killed a merfolk siren
  2175 | D        | Noticed Ijyb
  2177 | D        | Killed Ijyb
  2177 | D        | Reached skill level 8 in Stealth
  2177 | D        | Reached XP level 2. HP: 25/25 MP: 2/2
  2180 | D        | Noticed an ogre
  2183 | D        | Killed an ogre
  2183 | D        | Reached skill level 11 in Stealth
  2183 | D        | Reached XP level 3. HP: 34/34 MP: 3/3
  2183 | D        | Reached XP level 4. HP: 40/40 MP: 4/4
  2185 | D        | Noticed Sigmund
  2188 | D        | Killed Sigmund
  2188 | D        | Reached skill level 14 in Stealth
  2188 | D        | Reached XP level 5. HP: 49/49 MP: 5/5
  2201 | D        | Found a burning altar of Makhleb.
  2201 | D        | Found a viscous altar of Jiyva.
  2201 | D        | Found a shimmering altar of Xom.
  2201 | D        | Found a corrupted altar of Lugonu.
  2201 | D        | Noticed a slime creature
  2217 | D        | Mangled by a slime creature

Skill      XL: |  1  2  3  4 |
---------------+-------------+-----
Fighting       | 4 6 8 |  8.2
Stealth        | 8 11 14 | 14.1
Short Blades   | |  2.1
Throwing       | |  1.5
Dodging        | |  1.1

Action                   |  1- 3 |  4- 6 || total
-------------------------+-------+-------++-------
Melee: Dagger            |     2 |    16 ||    18
       Bite              |       |     2 ||     2
 Stab: Sleeping          |     2 |     1 ||     3
Armor: Robe              |       |     3 ||     3
Dodge: Dodged            |       |     4 ||     4
